 Dungeon Crawl Stone Soup version 0.28.0-43-g3370ac3207 (webtiles) character file.

Game seed: 12636462597452171174

11 experimilk the Skirmisher (level 2, 0/25 HPs)
             Began as a Palentonga Fighter on Mar 5, 2022.
             Succumbed to a goblin's poison
             ... on level 1 of the Dungeon.
             The game lasted 00:00:50 (427 turns).

experimilk the Skirmisher (Palentonga Fighter)       Turns: 427, Time: 00:00:50

Health: 0/25       AC:  6    Str: 19    XL:     2   Next: 17%
Magic:  2/2        EV:  7    Int:  8    God:
Gold:   11         SH:  4    Dex:  9    Spells: 1/1 levels left

rFire   . . .      SeeInvis +   a - +0 flail
rCold   . . .      Faith    .   c - +0 buckler
rNeg    . . .      Spirit   .   b - +0 scale mail
rPois   .          Reflect  .   (no helmet)
rElec   .          Harm     .   (no cloak)
rCorr   .          Rampage  .   (no gloves)
Will    .....                   (no barding)
Stlth   ..........              (no amulet)
HPRegen 0.08/turn               (no ring)
MPRegen 0.08/turn               (no ring)

@: mighty, lethally poisoned (0 -> -13)
A: large, rugged brown scales 3, see invisible, deformed body, roll 1, armoured
tail
a: Rolling Charge


You were on level 1 of the Dungeon.
You visited 1 branch of the dungeon, and saw 1 of its levels.

You collected 11 gold pieces.

Inventory:

Hand Weapons
 a - a +0 flail (weapon)
Armour
 b - a +0 scale mail (worn)
 c - a +0 buckler (worn)
Scrolls
 e - a scroll of identify {unknown}


   Skills:
 - Level 3.0 Fighting
 * Level 2.9 Maces & Flails
 - Level 2.4 Armour
 - Level 2.4 Shields


You had one spell level left.
You didn't know any spells.
Your spell library was empty.

Dungeon Overview and Level Annotations

Branches:
Dungeon (1/15)

Altars:


Innate Abilities, Weirdness & Mutations

You are completely covered in rugged brown scales. (AC +3, +7% HP)
You have supernaturally acute eyesight. (SInv)
Armour fits poorly on your strangely shaped body.
You can roll at nearby foes to attack.
You have a long armoured tail.


Message History

You see here a +0 ring mail.
The rat twitches its whiskers.
The rat bites you but does no damage.
You sock the rat!
You kill the rat!
You hit the ball python but do no damage.
The ball python bites you but does no damage.
The ball python closely misses you.
You hit the ball python.
You kill the ball python!
The goblin closely misses you.
You see here a rat corpse.
You hit the goblin.
Your tail-slap misses the goblin.
The goblin is heavily wounded.
The goblin completely misses you.
You miss the goblin.
The goblin is heavily wounded.
The goblin hits you with a +1 dagger of venom.
You are poisoned.
You barely miss the goblin.
Your tail-slap misses the goblin.
The goblin is heavily wounded.
You feel very sick. The goblin hits you but does no damage.
You are more poisoned.
The goblin hits you with a +1 dagger of venom.
You are lethally poisoned!
You hit the goblin but do no damage.
The goblin is moderately wounded.
You feel extremely sick. The goblin closely misses you.
You sock the goblin!
You kill the goblin!
* * * LOW HITPOINT WARNING * * *
You feel very sick.
* * * LOW HITPOINT WARNING * * *
You feel very sick.
You see here a +1 dagger of venom.
Okay, then.
You feel very mighty all of a sudden.
You die...

......#........#........
......#.................
......#.....###.........
......#.....#......#.#+#
......#.#'#.#.#.#.......
#....##.#.#...#.#..##..#
#....#....#####.#..#...#
....##..........#......#
....##...##....[@.##.
........#........†# .g
..÷....................#
..÷÷.......#.....?.....#
...........#...........#
...÷.......#....###.##.#
...........#....# .. #
...........#..... ..#
...........#.### ..#


There were no monsters in sight!

Vanquished Creatures
  2 endoplasms (D:1)
  2 goblins (D:1)
  A hobgoblin (D:1)
  A quokka (D:1)
  A ball python (D:1)
  2 frilled lizards (D:1)
  2 rats (D:1)
11 creatures vanquished.

Notes
Turn   | Place    | Note
-------+----------+-------------------------------------------
     0 | D:1      | experimilk the Palentonga Fighter began the quest for the
                  | Orb.
     0 | D:1      | Reached XP level 1. HP: 19/19 MP: 1/1
   169 | D:1      | Reached XP level 2. HP: 8/25 MP: 2/2
   427 | D:1      | Succumbed to a goblin's poison

Illustrated notes

Levels and vault maps discovered:
D:1:      minmay_arrival_up_and_down, layout_basic,
          dreamdust_ecumenical_altar_statues, minmay_3d_cube

Action                   || total
-------------------------++-------
Melee: Flail             ||    27
       Tailslap          ||     1
 Abil: Rolling Charge    ||     1
  Use: Potion            ||     1
Armor: Scale mail        ||     7
Dodge: Dodged            ||     7
Block: Buckler           ||     3
